 Dungeon Crawl Stone Soup version 0.30.1-9-gdf580d7c3d (webtiles) character file.

Game seed: 18396699397165876992

130 lonewolfV2 the Chopper (level 5, -5/41 HPs)
             Began as a Formicid Gladiator on Sept 29, 2023.
             Slain by a gnoll
             ... wielding a +0 halberd
              (11 damage)
             ... on level 3 of the Dungeon.
             The game lasted 00:02:56 (2364 turns).

lonewolfV2 the Chopper (Formicid Gladiator)         Turns: 2364, Time: 00:02:57

Health: -5/41      AC:  3    Str: 20    XL:     5   Next: 36%
Magic:  5/5        EV: 13    Int:  8    God:
Gold:   113        SH:  0    Dex: 15    Spells: 4/4 levels left

rFire   . . .        a - +1 war axe (freeze)
rCold   . . .        (no shield)
rNeg    . . .        b - +0 leather armour
rPois   .            (helmet unavailable)
rElec   .            (no cloak)
rCorr   .            (no gloves)
SInv    +            (no boots)
Will    .....        (no amulet)
Stlth   +            (no ring)
HPRegen 0.26/turn    (no ring)
MPRegen 0.09/turn

%: no passive effects
@: no status effects
A: permanent stasis, dig shafts and tunnels, antennae 3, four strong arms
a: Dig, Shaft Self


You were on level 3 of the Dungeon.
You visited 1 branch of the dungeon, and saw 3 of its levels.

You collected 113 gold pieces.

Inventory:

Hand Weapons
 a - a +1 war axe of freezing (weapon)
Missiles
 c - 3 throwing nets (quivered)
 d - a javelin
Armour
 b - a +0 leather armour (worn)
Scrolls
 e - 3 scrolls of teleportation
 j - a scroll of fog
Potions
 f - a potion of mutation {unknown}
 g - a potion of flight
 h - 3 potions of heal wounds {unknown}
 i - 4 potions of curing
 k - a potion of magic {unknown}


   Skills:
 + Level 3.1 Fighting
 + Level 4.3 Axes
 + Level 2.1 Throwing
 + Level 1.5 Armour
 + Level 3.3 Dodging
 + Level 0.1 Stealth


You had 4 spell levels left.
You didn't know any spells.
Your spell library contained the following spells:

 Spells                   Type           Power      Damage    Failure   Level
 Sandblast                Erth           0%         2d4       45%         1
 Passwall                 Tmut/Erth      0%         N/A       58%         2
 Ozocubu's Armour         Ice            0%         N/A       83%         3
 Stone Arrow              Conj/Erth      0%         3d7       83%         3
 Metabolic Englaciation   Hex/Ice        0%         N/A       100%        5
 Simulacrum               Ice/Necr       0%         N/A       100%        6


Dungeon Overview and Level Annotations

Branches:
Dungeon (3/15)

Altars:


Innate Abilities, Weirdness & Mutations

You cannot be hasted, slowed, berserked, paralysed or teleported.
You can dig through walls and to a lower floor.
You have a pair of large antennae on your head. (SInv)
Your four strong arms can wield two-handed weapons with a shield.


Message History

You open the door.
There is an open door here.
An endoplasm comes into view.
An endoplasm is nearby!
Found 7 stones.
The helpless endoplasm fails to defend itself.
You slash the endoplasm! You freeze the endoplasm.
You kill the endoplasm!
You sense a monster nearby.
A gnoll comes into view. It is wielding a +0 flail.
A gnoll is nearby!
A gnoll is nearby!
A gnoll comes into view. It is wielding a +0 halberd.
The gnoll shouts!
A gnoll comes into view. It is wielding a +0 spear.
The gnoll barely misses you.
You hit the gnoll. You freeze the gnoll.
The gnoll is moderately wounded.
The gnoll hits you but does no damage.
You closely miss the gnoll.
The gnoll is moderately wounded.
The gnoll hits you with a +0 spear.
You barely miss the gnoll.
The gnoll is lightly wounded.
The gnoll hits you with a +0 spear.
You hit the gnoll. You freeze the gnoll.
The gnoll is moderately wounded.
The gnoll hits you with a +0 spear!
You hit the gnoll. You freeze the gnoll.
The gnoll is heavily wounded.
The gnoll hits you from afar with a +0 spear.
The gnoll misses you.
You slash the gnoll! You freeze the gnoll.
You kill the gnoll!
The gnoll hits you from afar with a +0 spear!
* * * LOW HITPOINT WARNING * * *
The gnoll hits you with a +0 spear.
* * * LOW HITPOINT WARNING * * *
The gnoll hits you from afar with a +0 halberd!
You die...

#.#.##.##
###....##.###
.......####.†...###.#
.......#.......## #.#
.......'......## #.#
.#####.#....### #.#
.# ######## #.# .##
#.# ..# #.##.#####.#
..# #....gg@...# ).#
####.####### ..# )<#
.## .# .# .######
........


You could see 2 gnolls.

Vanquished Creatures
  An orc wizard (D:3)
  A gnoll (D:3)
  An adder (D:3)
  3 worms
  2 dart slugs
  6 orcs (D:3)
  7 endoplasms
  4 giant cockroaches
  2 hobgoblins (D:1)
  10 kobolds
  3 quokkas
  A ball python (D:2)
  7 bats
  2 frilled lizards
  9 goblins
  5 rats
64 creatures vanquished.

Notes
Turn   | Place    | Note
-------+----------+-------------------------------------------
     0 | D:1      | lonewolfV2 the Formicid Gladiator began the quest for the
                  | Orb.
     0 | D:1      | Reached XP level 1. HP: 16/16 MP: 1/1
   116 | D:1      | Reached XP level 2. HP: 18/23 MP: 2/2
   295 | D:1      | Reached XP level 3. HP: 18/28 MP: 3/3
  1402 | D:3      | Reached XP level 4. HP: 34/34 MP: 4/4
  1614 | D:3      | Identified the +0 scale mail of the Doldrums {rElec rPois
                  | rC- Int+2}
  1679 | D:3      | Found a faded altar of an unknown god.
  1762 | D:3      | Reached skill level 1 in Armour
  1801 | D:3      | Reached skill level 4 in Axes
  1801 | D:3      | Reached XP level 5. HP: 35/41 MP: 5/5
  2312 | D:3      | Noticed an ice beast
  2364 | D:3      | Slain by a gnoll

Illustrated notes

Levels and vault maps discovered:
D:1:      wander_arrival_estate, layout_rooms
D:2:      layout_loops_ring, kennysheep_generic_room_13
D:3:      layout_basic, ebering_ecumenical_altar_abandoned,
          lightli_corner_chamber

Skill      XL: |  1  2  3  4 |
---------------+-------------+-----
Dodging        | 3 |  3.3
Fighting       | 3 |  3.1
Armour         | 1 |  1.5
Axes           | 4 |  4.3
Throwing       | |  2.1
Stealth        | |  0.1

Action                     |  1- 3 |  4- 6 || total
---------------------------+-------+-------++-------
  Melee: War axe           |    90 |    57 ||   147
         Punch             |     2 |       ||     2
    Use: Scroll            |    12 |       ||    12
   Stab: Sleeping          |       |     1 ||     1
 Armour: Leather armour    |    40 |    14 ||    54
  Dodge: Dodged            |    77 |    35 ||   112
